 Dungeon Crawl Stone Soup version 0.23.2-1-ga50397a (webtiles) character file.

Game seed: 7383280290339239860

260 teukkam the Covered (level 5, -2/48 HPs)
             Began as a Minotaur Fighter on June 2, 2019.
             Slain by an orc wizard
             ... wielding a +1 vampiric dagger
              (3 damage)
             ... on level 4 of the Dungeon.
             The game lasted 00:05:13 (1051 turns).

teukkam the Covered (Minotaur Fighter)              Turns: 1051, Time: 00:05:14

Health: -2/48      AC:  7    Str: 22    XL:     5   Next: 95%
Magic:  4/4        EV:  7    Int:  5    God:
Gold:   20         SH: 10    Dex:  9    Spells: 4/4 levels left

rFire    . . .     SeeInvis .   a - +0 war axe
rCold    . . .     Gourm    .   c - +0 shield
rNeg     . . .     Faith    .   b - +0 scale mail
rPois    .         Spirit   .   (helmet restricted)
rElec    .         Reflect  .   (no cloak)
rCorr    .         Harm     .   (no gloves)
MR       .....                  (no boots)
Stlth    ..........             (no amulet)
HPRegen  0.16/turn              h - ring of attention (curse)
MPRegen  0.09/turn              (no ring)

@: no status effects
A: retaliatory headbutt, horns 2
a: no special abilities


You were on level 4 of the Dungeon.
You were hungry.

You visited 1 branch of the dungeon, and saw 4 of its levels.

You collected 20 gold pieces.

Inventory:

Hand Weapons
 a - a +0 war axe (weapon)
 g - a +0 morningstar
 o - a +0 falchion
Missiles
 i - 20 stones (quivered)
 n - 61 arrows
Armour
 b - a +0 scale mail (worn)
 c - a +0 shield (worn)
Jewellery
 h - a cursed ring of attention (left hand)
Scrolls
 d - a scroll of identify
 k - a scroll of remove curse
Comestibles
 f - 2 rations
 m - 3 chunks of flesh


   Skills:
 + Level 5.1 Fighting
 + Level 4.2 Axes
 + Level 5.1 Armour
 + Level 5.1 Shields


You had 4 spell levels left.
You didn't know any spells.
Your spell library was empty.

Dungeon Overview and Level Annotations

Branches:
Dungeon (4/15)
 Temple: D:4-7

Altars:


Innate Abilities, Weirdness & Mutations

You reflexively headbutt those who attack you in melee.
You have a pair of horns on your head.


Message History

You hear a shout! x3
The orc wizard closely misses you. You furiously retaliate!
You headbutt the orc wizard! You hit the orc wizard.
You kill the orc wizard!
A magic dart appears from out of thin air!
The magic dart hits you.
* * * LOW HITPOINT WARNING * * *
Something hits you but does no damage.
Items here: ) [ †† a +0 dagger; a +0 robe; an orc corpse; an iguana corpse You closely miss something.
Something hits you but does no damage. Something hits you.
* * * LOW HITPOINT WARNING * * *
Your shield and scale mail prevent you from hitting something.
You headbutt something. Something hits you but does no damage.
You hit something. Your headbutt misses something.
Something hits you but does no damage.
You barely miss something. Something hits you.
You die...

..###...#.#...#.# o####
... ##.##.#####†###.....#
... ...#.#.............#
## #####.######.##.o....
#...# #.# ....# #.#.# #.#
...# ##)#.## #o# ...
#..#..# #{# ## ##.###.##
#@# ###..#.#..###.#
####...##.##...####
#....###...###....#######
..####...#...####.......#
#....###...###....#####..
####...##.##...####
###..#.#..### ##.#.#.##


You could see an orc.

Vanquished Creatures
  An ogre (D:4)
  A scorpion (D:4)
  A bullfrog zombie (D:4)
  An orc wizard (D:4)
  An iguana (D:4)
  An adder (D:4)
  2 oozes
  2 worms
  A dart slug (D:4)
  3 goblins
  A hobgoblin (D:2)
  A jackal (D:4)
  A quokka (D:4)
  2 kobolds (D:1)
  2 rats (D:1)
  3 toadstools (D:1)
24 creatures vanquished.

Notes
Turn   | Place    | Note
-------+----------+-------------------------------------------
     0 | D:1      | teukkam the Minotaur Fighter began the quest for the Orb.
     0 | D:1      | Reached XP level 1. HP: 19/19 MP: 0/0
   245 | D:2      | Reached XP level 2. HP: 15/27 MP: 1/1
   468 | D:4      | Reached XP level 3. HP: 33/33 MP: 2/2
   473 | D:4      | Noticed an ogre
   480 | D:4      | Killed an ogre
   480 | D:4      | Reached XP level 4. HP: 7/41 MP: 3/3
   784 | D:4      | Reached XP level 5. HP: 32/47 MP: 4/4
  1036 | D:4      | Reached skill level 5 in Fighting
  1036 | D:4      | Reached skill level 5 in Armour
  1036 | D:4      | Reached skill level 5 in Shields
  1046 | D:4      | HP: 1/48 [something/magic dart (5)]
  1051 | D:4      | Slain by an orc wizard

Skill      XL: |  1  2  3  4  5 |
---------------+----------------+-----
Fighting       | 4 5 |  5.1
Axes           | 3 4 |  4.2
Armour         | 4 5 |  5.1
Shields        | 4 5 |  5.1

Action                   |  1- 3 |  4- 6 || total
-------------------------+-------+-------++-------
Melee: War axe           |    34 |    53 ||    87
       Headbutt          |     6 |     8 ||    14
  Use: Potion            |     1 |     5 ||     6
       Scroll            |       |     2 ||     2
Armor: Scale mail        |     9 |    17 ||    26
Dodge: Dodged            |     8 |    12 ||    20
Block: Shield            |    14 |    24 ||    38
